 Dungeon Crawl Stone Soup version 0.28.0-43-g3370ac3207 (webtiles) character file.

Game seed: 5996399497375604415

453 zeram the Covered (level 7, -2/44 HPs)
             Began as a Gargoyle Fighter on Apr 1, 2022.
             Slain by an ogre
             ... wielding a +0 giant club
              (16 damage)
             ... on level 5 of the Dungeon.
             The game lasted 00:08:24 (4665 turns).

zeram the Covered (Gargoyle Fighter)                Turns: 4665, Time: 00:08:24

Health: -2/44      AC: 14    Str: 21    XL:     7   Next: 5%
Magic:  7/7        EV: 13    Int:  9    God:
Gold:   1158       SH:  5    Dex:  9    Spells: 6/6 levels left

rFire   . . .      SeeInvis .   m - +4 hand axe (holy)
rCold   . . .      Faith    .   c - +1 buckler
rNeg    + . .      Spirit   .   b - +0 scale mail
rPois   ∞          Reflect  .   (no helmet)
rElec   +          Harm     .   k - +0 cloak
rCorr   .          Rampage  .   (no gloves)
Will    .....                   j - +0 pair of boots
Stlth   ..........              (no amulet)
HPRegen 0.14/turn               i - +4 ring of evasion
MPRegen 0.10/turn               l - +4 ring of slaying

@: mighty
A: sickness immunity, AC +4, negative energy resistance 1, electricity
resistance, torment resistance 1, petrification resistance
a: no special abilities


You were on level 5 of the Dungeon.
You visited 1 branch of the dungeon, and saw 5 of its levels.

You collected 1158 gold pieces.

Inventory:

Hand Weapons
 a - a +0 flail
 m - a +4 hand axe of holy wrath (weapon)
Armour
 b - a +0 scale mail (worn)
 c - a +1 buckler (worn)
 j - a +0 pair of boots (worn)
 k - a +0 cloak (worn)
Jewellery
 h - a ring of protection from cold
 i - a +4 ring of evasion (left hand)
 l - a +4 ring of slaying (right hand)
Scrolls
 g - 2 scrolls of teleportation
 n - 2 scrolls of identify
 o - 2 scrolls of enchant weapon
 q - a scroll of noise
Potions
 d - 3 potions of might
 e - 2 potions of attraction {unknown}
 f - a potion of degeneration {unknown}


   Skills:
 + Level 4.3 Fighting
 + Level 0.2(2.4) Axes
 + Level 4.3 Maces & Flails
 + Level 5.2 Armour
 + Level 1.5 Dodging
 + Level 1.0 Stealth
 + Level 4.3 Shields


You had 6 spell levels left.
You didn't know any spells.
Your spell library contained the following spells:

 Spells                   Type           Power      Damage    Failure   Level
 Ensorcelled Hibernation  Hex/Ice        0%         N/A       90%         2
 Passwall                 Tmut/Erth      0%         N/A       90%         2
 Swiftness                Air            0%         N/A       99%         3
 Petrify                  Tmut/Erth      0%         N/A       100%        4
 Alistair's Intoxication  Tmut/Pois      0%         N/A       100%        5
 Borgnjor's Vile Clutch   Necr/Erth      0%         N/A       100%        5
 Irradiate                Conj/Tmut      0%         3d13      100%        5
 Eringya's Noxious Bog    Tmut/Pois      0%         N/A       100%        6
 Sublimation of Blood     Necr           Unusable   N/A       N/A         2

Dungeon Overview and Level Annotations

Branches:
Dungeon (5/15)
 Temple: D:4-7

Altars:

Shops:
D:1 (   D:4 (


Innate Abilities, Weirdness & Mutations

You are immune to sickness and miasma.
Your stone body is resilient. (AC +4)
You are immune to poison.
You resist negative energy. (rN+)
You are resistant to electric shocks. (rElec)
You are resistant to unholy torment.
You are immune to petrification.


Message History

The orc priest mumbles some strange prayers to Beogh against you.
Beogh smites you!
You slash the orc!
You kill the orc!
The orc wizard points at you and mumbles some strange words.
The puff of flame hits you.
You barely miss the orc. You block the orc's attack.
The orc wizard gestures wildly while chanting.
The orc wizard flickers and vanishes!
Deactivating autopickup; reactivate with Ctrl-A.
The orc priest invokes the aid of Beogh against you.
You struggle to resist.
You slash the orc!
You kill the orc!
An ogre comes into view. It is wielding a +0 giant club.
The orc priest looks braver for a moment.
You hear some strange, mumbled words.
You are confused.
Unknown command.
You are too confused!
You are too confused!
Unknown command.
You are too confused!
The orc priest hits you with a +0 dagger.
The orc hits you with a +3 short sword.
You bump into the rock wall.
The orc priest hits you but does no damage.
You bump into the rock wall.
The orc hits you but does no damage. The orc priest misses you.
The ogre hits you with a +0 giant club!
* * * LOW HITPOINT WARNING * * *
Unknown command.
You feel very mighty all of a sudden.
You feel less confused. The orc closely misses you.
The orc priest hits you but does no damage.
You slash the ogre!
The ogre is heavily wounded.
You slash the orc!
You kill the orc!
You slash the orc priest! The ogre hits you with a +0 giant club!
You die...

## ....# #.
.....##.
#.##......
#........##
#.........#
#.........#
#........# .
#@).....##..
#oO.........
#{...).<#...
#...........
####.##.##..
#.# ..
#.#######...
#.#.<...#..#
#.##....#..#


You could see an ogre and an orc priest.

Vanquished Creatures
  A water moccasin (D:4)
  A phantom (D:5)
  A howler monkey (D:4)
  A centaur skeleton (D:4)
  An orc priest (D:5)
  An orc wizard (D:5)
  A hound skeleton (D:4)
  4 gnolls
  2 adders
  An ufetubus (D:4)
  A dart slug (D:1)
  2 worms (D:3)
  8 orcs
  5 endoplasms
  3 giant cockroaches
  6 goblins
  7 hobgoblins
  3 jackals (D:1)
  3 kobolds
  3 quokkas
  3 ball pythons
  8 bats
  5 rats
71 creatures vanquished.

Notes
Turn   | Place    | Note
-------+----------+-------------------------------------------
     0 | D:1      | zeram the Gargoyle Fighter began the quest for the Orb.
     0 | D:1      | Reached XP level 1. HP: 14/14 MP: 1/1
   400 | D:1      | Found Naeheilano's Weapon Boutique.
   426 | D:1      | Reached XP level 2. HP: 19/19 MP: 2/2
   838 | D:1      | Reached XP level 3. HP: 24/24 MP: 3/3
  1994 | D:3      | Identified a scroll of acquirement
  1994 | D:3      | Acquired 981 gold pieces
  2358 | D:3      | Reached XP level 4. HP: 29/29 MP: 4/4
  2375 | D:3      | Reached skill level 4 in Armour
  2915 | D:4      | Found Zetsupeg's Weapon Shop.
  3329 | D:4      | Reached skill level 1 in Dodging
  3329 | D:4      | Reached XP level 5. HP: 33/33 MP: 5/5
  4158 | D:5      | Entered Level 5 of the Dungeon
  4165 | D:5      | Noticed a water moccasin
  4212 | D:4      | Killed a water moccasin
  4213 | D:4      | Reached XP level 6. HP: 21/38 MP: 6/6
  4509 | D:5      | Reached skill level 5 in Armour
  4509 | D:5      | Reached skill level 1 in Stealth
  4591 | D:5      | Reached XP level 7. HP: 36/44 MP: 7/7
  4665 | D:5      | Slain by an ogre

Illustrated notes

Levels and vault maps discovered:
D:1:      wheals_arrival_linesprint, layout_loops_cross, serial_shops, shop,
          minmay_close_crescents
D:2:      layout_rooms, st_stairs_13
D:3:      layout_basic, minmay_misc_feat_four_crosses, hangedman_decor_points,
          grunt_decor_arrowhead, kennysheep_generic_room_7
D:4:      layout_basic, serial_shops, nicolae_shop_bloodbath_and_beyond,
          chequers_serial_rivers_small_3
D:5:      layout_basic, uniq_ijyb

Skill      XL: |  1  2  3  4  5  6 |
---------------+-------------------+-----
Armour         | 4 5 |  5.2
Fighting       | 4 |  4.3
Maces & Flails | 3 4 |  4.3
Dodging        | 1 |  1.5
Shields        | 4 |  4.3
Stealth        | 1 |  1.0
Axes           | |  0.2

Action                   |  1- 3 |  4- 6 |  7- 9 || total
-------------------------+-------+-------+-------++-------
Melee: Flail             |   157 |    84 |       ||   241
       Hand axe          |       |    13 |     4 ||    17
  Use: Scroll            |     3 |     5 |       ||     8
       Potion            |       |       |     1 ||     1
Armor: Scale mail        |   123 |    57 |     4 ||   184
Dodge: Dodged            |   141 |    98 |     2 ||   241
Block: Buckler           |    54 |    26 |     1 ||    81
